 Dungeon Crawl Stone Soup version 0.18.1-48-g4cf74bf (webtiles) character file.

95974 rockintein the Executioner (level 15, -8/217 HPs)
             Began as a Minotaur Berserker on July 12, 2016.
             Was a High Priest of Trog.
             Mangled by a cyan very ugly thing (19 damage)
             ... on level 2 of the Abyss.
             The game lasted 00:53:22 (29533 turns).

rockintein the Executioner (Minotaur Berserker)    Turns: 29533, Time: 00:53:23

Health: -8/217     AC: 25    Str: 31    XL:     15   Next: 67%
Magic:  14/14      EV: 10    Int:  4    God:    Trog [*****.]
Gold:   2029       SH:  3    Dex: 12    Spells: 0 memorised, 14 levels left

rFire  + + .     SeeInvis .     J - +2 executioner's axe (flame)
rCold  + . .     Gourm    .     x - +2 chain mail {rF+}
rNeg   . . .     Faith    .     (shield currently unavailable)
rPois  .         Spirit   .     (helmet unavailable)
rElec  .         Dismiss  .     h - +2 cloak {rC+}
rCorr  +         Reflect  +     l - +2 pair of gloves {rF+}
SustAt .         Harm     .     H - +0 pair of boots
MR     +++..                    y - +3 amulet of reflection
Stlth  ..........               Z - ring of resist corrosion
                                K - +6 ring of slaying

@: berserking, recuperating, mildly diseased, very quick, extremely resistant to
hostile enchantments, extremely unstealthy
A: retaliatory headbutt, horns 3, no device heal 1, subdued magic 1
a: Berserk, Trog's Hand, Brothers in Arms, Burn Spellbooks, Renounce Religion


You were on level 2 of the Abyss.
You worshipped Trog.
Trog was extremely pleased with you.
You were not hungry.

You visited 3 branches of the dungeon, and saw 24 of its levels.
You visited the Abyss 1 time.
You also visited: Ice Cave and Volcano.

You collected 2029 gold pieces.

Inventory:

Hand Weapons
 n - a +5 broad axe of flaming
 J - a +2 executioner's axe of flaming (weapon)
Armour
 h - a +2 cloak of cold resistance (worn)
 l - a +2 pair of gloves of fire resistance (worn)
 o - a +1 hat
 x - a +2 chain mail of fire resistance (worn)
 B - a gold dragon hide
 H - a +0 pair of boots (worn)
Jewellery
 j - an uncursed ring of protection from cold {unknown}
 q - a +3 ring of intelligence {unknown}
 y - a +3 amulet of reflection (around neck)
 K - a +6 ring of slaying (left hand)
 Z - a ring of resist corrosion (right hand)
Wands
 g - a wand of disintegration (7/24)
 k - a wand of flame (16/48)
 m - a wand of teleportation (4/9)
 L - a wand of heal wounds (4/9)
Scrolls
 f - 8 scrolls of remove curse
 p - 5 scrolls of teleportation
 C - a scroll of fear
 F - 3 scrolls of identify
 G - 4 scrolls of magic mapping
Potions
 a - 4 potions of curing
 b - a potion of magic {unknown}
 e - 2 potions of heal wounds
 i - 3 potions of might
 r - a potion of berserk rage {unknown}
 t - a potion of cure mutation
 D - a potion of cancellation
Comestibles
 c - 16 bread rations
 d - 3 fruits


   Skills:
 + Level 16.4 Fighting
 * Level 21.9 Axes
 + Level 16.4 Armour
 - Level 2.1 Dodging


You had 14 spell levels left.
You didn't know any spells.

Dungeon Overview and Level Annotations

Branches:
Dungeon (15/15)            Temple (1/1) D:7            Lair (8/8) D:11
 Shoals (0/4) Lair:5        Snake (0/4) Lair:4        Slime (0/6) Lair:6
    Orc (0/2) D:10         Vaults (0/5) D:13         Depths (0/5) D:15

Altars:
Ashenzari
Cheibriados
Fedhas
Gozag
Makhleb
Nemelex Xobeh
Okawaru
Pakellas
Sif Muna
Trog
Vehumet
Xom
Yredelemnul
The Shining One
Beogh

Shops:
D:8 :}}(   D:13 :

Annotations:
D:10 Sonja
Lair:1 exclusion: oklob plant
Lair:6 exclusion: 3 oklob plants


Innate Abilities, Weirdness & Mutations

You reflexively headbutt those who attack you in melee.
You have a pair of large horns on your head.
Potions and wands are less effective at restoring your health.
Your spells are a little easier to cast, but a little less powerful.


Message History

* * * LOW HITPOINT WARNING * * *
A red film seems to cover your vision as you go berserk!
You feel yourself moving faster!
You feel mighty!
You feel quite a bit more hungry.
The cyan very ugly thing trunk-slaps you!
* * * LOW HITPOINT WARNING * * *
The cyan very ugly thing shocks you!!
* * * LOW HITPOINT WARNING * * *
You completely miss the cyan very ugly thing.
You headbutt the cyan very ugly thing!!
The cyan very ugly thing is heavily wounded.
You slice the cyan very ugly thing!! You burn the cyan very ugly thing!
The cyan very ugly thing is almost dead.
The cyan very ugly thing trunk-slaps you but does no damage.
You hit the cyan very ugly thing. You burn the cyan very ugly thing.
The cyan very ugly thing is almost dead.
The cyan very ugly thing trunk-slaps you.
* * * LOW HITPOINT WARNING * * *
The cyan very ugly thing shocks you!!
You die...

# # .# .#..
#u. ##u#
###@# . ..
##...###.#
# #...#..#
.#
##.#....# .
###.#..# .
## # .###
.# ##. #
#..x..≈≈.
.# ..#
....≈≈≈ .
... #
.#..#≈≈X...


You could see 2 very ugly things.

Vanquished Creatures
  A tentacled starspawn (Abyss:2)
  Kirke (D:12)
  Gastronok (Lair:2)
  Maud (D:10)
  An emperor scorpion (D:15)
  A very ugly thing (Abyss:2)
  A dire elephant (D:15)
  Snorg (D:13)
  Erolcha (D:10)
  Fannar (Lair:3)
  The ghost of junkhipster the Blocker, a journeyman GrFi of Okawaru (D:12)
  9 hydras
  A rakshasa (D:13)
  2 centaur warriors (D:13)
  An ogre mage (D:13)
  Nergalle (D:11)
  A fire crab (Lair:6)
  2 large abominations (Abyss:2)
  3 unseen horrors
  An obsidian statue (D:13)
  Pikel (D:8)
  An anaconda skeleton (Abyss:2)
  9 hill giants
  4 ugly things
  A wizard (D:14)
  2 griffons
  A deep elf mage (D:15)
  An orc knight (D:12)
  A wolf spider zombie (D:15)
  3 cyclopes
  2 manticores (D:13)
  20 elephants
  2 ice statues (IceCv)
  Joseph (D:7)
  An apocalypse crab (Abyss:2)
  2 sirens (Lair:5)
  A centaur zombie (D:12)
  4 black mambas
  Psyche (D:8)
  5 spiny frogs
  6 rime drakes
  An efreet (D:15)
  2 freezing wraiths
  8 komodo dragons
  2 kobold demonologists (D:11)
  4 yaktaurs (D:13)
  An ancient zyme (Abyss:2)
  3 merfolk
  A spriggan druid (Lair:8)
  10 ice devils (IceCv)
  15 polar bears
  5 trolls
  4 two-headed ogres
  15 blink frogs
  4 slime creatures (D:14)
  2 shadows
  13 spriggans (Lair:8)
  3 redbacks (Lair:8)
  4 wyverns
  2 fire bats (Volcano)
  A centaur simulacrum (D:14)
  A small abomination (Abyss:2)
  4 hogs
  20 yaks
  3 wraiths
  6 vampire mosquitoes
  5 hungry ghosts
  3 basilisks
  10 hippogriffs
  4 nagas (Lair:4)
  2 wargs (D:11)
  2 soldier ants (D:9)
  15 water moccasins
  9 porcupines
  A black bear (shapeshifter) (D:14)
  8 black bears
  20 orc warriors
  6 sky beasts
  2 eyes of draining (D:15)
  5 phantoms
  4 wasps
  11 ice beasts
  A necrophage (D:11)
  7 ogres
  10 centaurs
  25 wolves
  10 crocodiles
  5 big kobolds
  22 giant frogs
  A wyvern zombie (D:15)
  4 wyvern skeletons
  3 scorpions
  6 killer bees (D:7)
  2 howler monkeys
  An electric eel (Lair:1)
  3 giant frog zombies
  8 crimson imps
  20 orc wizards
  16 hounds
  3 jellies
  2 giant frog skeletons
  15 orc priests
  An iron imp (D:8)
  3 centaur skeletons
  11 iguanas
  Natasha (twice) (D:3)
  10 worker ants
  A killer bee zombie (D:11)
  20 sheep
  2 hound zombies
  A howler monkey zombie (D:8)
  2 howler monkey skeletons (D:8)
  17 adders
  56 river rats
  2 shadow imps
  8 white imps (IceCv)
  9 ufetubi
  An ooze (D:5)
  2 adder zombies
  3 adder skeletons
  2 worms
  A dart slug (D:4)
  8 giant geckos
  84 orcs
  A ball python (D:2)
  4 bats
  9 giant cockroaches
  3 goblins
  2 hobgoblins
  12 jackals
  6 quokkas
  8 giant newts
  A jackal zombie (D:9)
  24 kobolds
  9 rats
  A bush (Lair:1)
  6 fungi
  7 plants
  4 starspawn tentacles (Abyss:2)
849 creatures vanquished.

Vanquished Creatures (others)
  An eye of draining (Abyss:2)
  A white imp (IceCv)
  An ufetubus (IceCv)
  12 fungi
  2 plants
  5 starspawn tentacles (Abyss:2)
  128 starspawn tentacle segments (Abyss:2)
150 creatures vanquished.

Grand Total: 999 creatures vanquished

Notes
Turn   | Place    | Note
--------------------------------------------------------------
     0 | D:1      | rockintein the Minotaur Berserker began the quest for the Orb.
     0 | D:1      | Reached XP level 1. HP: 19/19 MP: 0/0
   283 | D:1      | Reached skill level 4 in Axes
   370 | D:1      | Reached XP level 2. HP: 27/27 MP: 1/1
   805 | D:2      | Found a blossoming altar of Fedhas.
   918 | D:2      | Reached XP level 3. HP: 22/33 MP: 2/2
  1277 | D:2      | Found a glowing golden altar of the Shining One.
  1646 | D:3      | Found a bloodstained altar of Trog.
  1684 | D:3      | Noticed Natasha
  1686 | D:3      | Reached ** piety under Trog
  1692 | D:3      | Killed Natasha
  1692 | D:3      | Reached skill level 5 in Axes
  1692 | D:3      | Reached XP level 4. HP: 4/40 MP: 3/3
  2463 | D:3      | Found an opulent altar of Gozag.
  2463 | D:3      | Found a sparkling altar of Nemelex Xobeh.
  2553 | D:3      | Noticed Natasha
  2560 | D:3      | Killed Natasha
  2875 | D:4      | Noticed a phantom
  2885 | D:3      | Reached XP level 5. HP: 25/47 MP: 4/4
  3056 | D:4      | Killed a phantom
  3056 | D:4      | Reached skill level 6 in Axes
  3121 | D:4      | Reached skill level 5 in Fighting
  3147 | D:4      | Reached XP level 6. HP: 49/56 MP: 5/5
  3390 | D:4      | Reached skill level 7 in Axes
  3909 | D:5      | Entered Level 5 of the Dungeon
  3919 | D:5      | Reached *** piety under Trog
  3925 | D:5      | Reached skill level 5 in Armour
  3925 | D:5      | Reached XP level 7. HP: 44/61 MP: 6/6
  4451 | D:5      | Reached skill level 8 in Axes
  4842 | D:5      | Reached XP level 8. HP: 71/71 MP: 7/7
  4960 | D:5      | Reached skill level 9 in Axes
  5966 | D:6      | Reached skill level 10 in Axes
  6163 | D:6      | Found a bloodstained altar of Trog.
  6215 | D:6      | Reached **** piety under Trog
  6525 | D:7      | Noticed Joseph
  6537 | D:7      | Killed Joseph
  6537 | D:7      | Reached XP level 9. HP: 47/81 MP: 8/8
  6685 | D:7      | Found a staircase to the Ecumenical Temple.
  6822 | D:7      | Found a shimmering altar of Xom.
  7206 | D:7      | Reached skill level 11 in Axes
  7660 | D:8      | Noticed Pikel
  7671 | D:8      | Killed Pikel
  7672 | D:8      | Found Pumiyqux's Antique Weapon Emporium.
  7692 | D:8      | Reached skill level 12 in Axes
  7727 | D:8      | Found Xax Syll's Gadget Shop.
  7747 | D:8      | Found a snail-covered altar of Cheibriados.
  7753 | D:8      | Noticed Psyche
  7762 | D:8      | Killed Psyche
  7860 | D:8      | Reached XP level 10. HP: 82/91 MP: 9/9
  7948 | D:8      | Found Vuiceel's Gadget Boutique.
  8081 | D:8      | Found an opulent altar of Gozag.
  8103 | D:8      | Found Afaewnat's Book Boutique.
  8667 | D:9      | Found a radiant altar of Vehumet.
  8667 | D:9      | Found a shattered altar of Ashenzari.
  8668 | D:9      | Found an oddly glowing altar of Pakellas.
  8679 | D:9      | Found an iron altar of Okawaru.
  8693 | D:9      | Found a burning altar of Makhleb.
  8926 | D:9      | Reached skill level 13 in Axes
  9117 | D:9      | Reached skill level 10 in Fighting
  9413 | D:9      | Gained mutation: You have a pair of large horns on your head. [potion of mutation]
  9413 | D:9      | Gained mutation: Your spells are a little easier to cast, but a little less powerful. [potion of mutation]
  9413 | D:9      | Gained mutation: Potions and wands are less effective at restoring your health. [potion of mutation]
  9617 | D:9      | Found a deep blue altar of Sif Muna.
  9643 | D:10     | Entered Level 10 of the Dungeon
  9643 | D:10     | Found a staircase to the Orcish Mines.
  9643 | D:10     | Noticed a hill giant
  9648 | D:10     | Killed a hill giant
  9651 | D:10     | Reached skill level 10 in Armour
  9655 | D:10     | Reached ***** piety under Trog
  9656 | D:10     | Found a roughly hewn altar of Beogh.
  9743 | D:10     | Noticed Erolcha
  9758 | D:10     | Killed Erolcha
  9758 | D:10     | Reached skill level 14 in Axes
  9812 | D:10     | Noticed Maud
  9825 | D:10     | Killed Maud
  9825 | D:10     | Reached XP level 11. HP: 101/101 MP: 10/10
 10078 | D:10     | Noticed Sonja
 11254 | D:11     | Noticed a hill giant
 11266 | D:11     | Killed a hill giant
 11462 | D:11     | Noticed a hill giant
 11470 | D:11     | Killed a hill giant
 11593 | D:11     | Noticed a white ugly thing
 11600 | D:11     | Killed an unseen horror
 11600 | D:11     | Reached skill level 15 in Axes
 11604 | D:11     | Killed a white ugly thing
 12410 | D:11     | Found a staircase to the Lair.
 12499 | D:11     | Noticed Nergalle
 12515 | D:11     | Killed Nergalle
 12927 | D:12     | Noticed a cyan ugly thing
 12933 | D:12     | Killed a cyan ugly thing
 12990 | D:12     | Noticed junkhipster's ghost (journeyman GrFi)
 13014 | D:12     | Killed junkhipster's ghost
 13014 | D:12     | Reached skill level 16 in Axes
 13014 | D:12     | Reached XP level 12. HP: 112/112 MP: 11/11
 13283 | D:12     | Noticed Kirke
 13302 | D:12     | Killed Kirke
 14153 | Temple   | Entered the Ecumenical Temple
 14351 | Lair:1   | Entered Level 1 of the Lair of Beasts
 14616 | Lair:1   | Found a dark tunnel.
 14640 | Lair:1   | Reached skill level 17 in Axes
 14672 | Volcano  | Entered a volcano
 15333 | Lair:1   | HP: 1/113 [acid (17)]
 16597 | Lair:2   | Noticed a four-headed hydra
 16603 | Lair:2   | Killed a one-headed hydra
 16623 | Lair:2   | Noticed Gastronok
 16635 | Lair:2   | Killed Gastronok
 16860 | Lair:2   | Reached XP level 13. HP: 115/122 MP: 12/12
 17331 | Lair:3   | Received a gift from Trog
 17338 | Lair:3   | Got a brightly glowing battleaxe {god gift}
 17339 | Lair:3   | Identified the +3 battleaxe of Defence by Offence {flame, +Fly rC- Int+4} (Trog gifted it to you on level 3 of the Lair of Beasts)
 17565 | Lair:3   | Reached skill level 18 in Axes
 17880 | Lair:3   | Noticed Fannar
 17888 | Lair:3   | Killed Fannar
 17997 | Lair:4   | Found a staircase to the Snake Pit.
 19033 | Lair:5   | Found a staircase to the Shoals.
 19244 | Lair:5   | Found a frozen archway.
 19336 | IceCv    | Entered an ice cave
 19973 | IceCv    | Received a gift from Trog
 19977 | IceCv    | Reached ****** piety under Trog
 21108 | Lair:5   | Reached skill level 19 in Axes
 21649 | Lair:6   | Reached XP level 14. HP: 132/133 MP: 13/13
 22226 | Lair:6   | Found a staircase to the Slime Pits.
 23769 | Lair:7   | Received a gift from Trog
 23772 | Lair:7   | Got a twisted hand axe {god gift}
 23828 | Lair:7   | Reached skill level 20 in Axes
 24194 | Lair:7   | Identified the +8 hand axe "Undertaker" {drain, Int+2} (Trog gifted it to you on level 7 of the Lair of Beasts)
 24232 | Lair:8   | Entered Level 8 of the Lair of Beasts
 24237 | Lair:8   | Reached skill level 15 in Armour
 24327 | Lair:8   | Reached skill level 15 in Fighting
 24562 | Lair:8   | Received a gift from Trog
 24677 | Lair:8   | Received a gift from Trog
 25289 | Lair:8   | Found a basalt altar of Yredelemnul.
 26245 | D:13     | Received a gift from Trog
 26379 | D:13     | Noticed Snorg
 26404 | D:13     | Killed Snorg
 26681 | D:13     | Found a shimmering altar of Xom.
 26795 | D:13     | Reached XP level 15. HP: 95/141 MP: 14/14
 27053 | D:13     | Reached skill level 21 in Axes
 27081 | D:13     | Found a gate to the Vaults.
 27156 | D:13     | Found Fazib's Book Shop.
 27640 | D:14     | Received a gift from Trog
 28647 | D:14     | Found a shimmering altar of Xom.
 28743 | D:15     | Entered Level 15 of the Dungeon
 29029 | D:15     | Found a staircase to the Depths.
 29385 | D:15     | Cast into level 2 of the Abyss (orc knight)
 29483 | Abyss:2  | Noticed a tentacled starspawn
 29497 | Abyss:2  | Killed a tentacled starspawn
 29512 | Abyss:2  | Noticed a tentacled starspawn
 29533 | Abyss:2  | Mangled by a cyan very ugly thing

Skill      XL: |  1  2  3  4  5  6  7  8  9 10 11 12 13 14 15 |
---------------+----------------------------------------------+-----
Axes           | 4 5 6 7 8 10 12 14 16 17 19 20 21 | 21.9
Armour         | 3 4 5 6 7 9 10 11 13 14 15 16 | 16.4
Fighting       | 4 5 6 7 9 10 12 13 14 15 16 | 16.4
Dodging        | |  2.1

Action                   |  1- 3 |  4- 6 |  7- 9 | 10-12 | 13-15 || total
-------------------------+-------+-------+-------+-------+-------++-------
Melee: Hand axe          |    62 |   137 |    71 |       |       ||   270
       Headbutt          |     8 |    18 |    57 |   137 |   212 ||   432
       Unarmed           |       |    51 |       |       |       ||    51
       War axe           |       |       |   239 |   613 |       ||   852
       Broad axe         |       |       |       |    66 |     3 ||    69
       Battleaxe         |       |       |       |       |   494 ||   494
       Executioner's axe |       |       |       |       |   521 ||   521
Invok: Trog's Hand       |     1 |     1 |     3 |    18 |    10 ||    33
       Berserk           |     1 |     1 |     3 |    13 |     2 ||    20
  Use: Potion            |       |     6 |       |     6 |     1 ||    13
       Scroll            |       |     4 |       |    17 |     5 ||    26
  Eat: Chunk             |     2 |    10 |    14 |    40 |    29 ||    95
       Fruit             |       |       |     1 |     4 |     4 ||     9
       Pizza             |       |       |     1 |     1 |     1 ||     3
       Meat ration       |       |       |       |     1 |     1 ||     2
       Bread ration      |       |       |       |     1 |     1 ||     2
       Beef jerky        |       |       |       |       |     2 ||     2
Armor: Animal skin       |     9 |     4 |       |       |       ||    13
       Scale mail        |       |    46 |    25 |       |       ||    71
       Plate armour      |       |       |   156 |   356 |       ||   512
       Chain mail        |       |       |       |    32 |   714 ||   746
Dodge: Dodged            |    47 |    80 |   108 |   236 |   409 ||   880
Block: Other             |       |       |       |       |   115 ||   115
       Reflection        |       |       |       |       |     4 ||     4
